ITL
RICHMOND FLAIRS @ ALLENTOWN HILLBILLIES
08/16/2027
 
TOP OF THE 1ST
Richmond Flairs batting - Pitching for Allentown Hillbillies : RHP Okura Oike
Pitching: RHP Okura Oike
Batting: RHB Javier Rentería 0-0: Foul Ball, location: 2F
0-1: Foul Ball, location: 2F
0-2: Ball
1-2: Strikes out swinging
Batting: SHB Carlos Reyes 0-0: Ball
1-0: Foul Ball, location: 2F
1-1: Fly out, F8 (Flyball, 8LS)
Batting: RHB Elliott Johnston 0-0: SINGLE (Groundball, 34S) (infield hit)
Batting: LHB Luis Villa 0-0: Swinging Strike
0-1: Ball
1-1: Ball
2-1: Ball
3-1: Fly out, F8 (Flyball, 89XD)
Top of the 1st over - 0 run(s), 1 hit(s), 0 error(s), 1 left on base; Richmond 0 - Allentown 0
BOTTOM OF THE 1ST
Allentown Hillbillies batting - Pitching for Richmond Flairs : RHP Sandro Gonzáles
Pitching: RHP Sandro Gonzáles
Batting: LHB George Knight 0-0: Called Strike
0-1: Ball
1-1: Ball
2-1: Foul Ball, location: 2F
2-2: Foul Ball, location: 2F
2-2: Ball
3-2: DOUBLE (Line Drive, 8RD)
Batting: RHB Justin Harris 0-0: Ball
1-0: Ball
2-0: SINGLE (Groundball, 56D)
George Knight to third
Runner from 3rd tries for Home, SAFE, throw made home
Justin Harris to second
Batting: RHB Donald Sanford 0-0: Foul Ball, location: 2F
0-1: Ball
1-1: Ball
2-1: Ball
3-1: Foul Ball, location: 2F
3-2: Foul Ball, location: 2F
3-2: Base on Balls
Batting: RHB Diego Rivera 0-0: Ball
1-0: Called Strike
1-1: Ball
2-1: Foul Ball, location: 2F
2-2: Foul Ball, location: 2F
2-2: Foul Ball, location: 2F
2-2: Ball
3-2: Grounds into double play, 6-4-3 (Groundball, 6)
Justin Harris to third
Batting: LHB Eduardo Rodríguez 0-0: Ball
1-0: Ball
2-0: Called Strike
2-1: Called Strike
2-2: Foul Ball, location: 2F
2-2: Ground out 4-3 (Groundball, 4)
Bottom of the 1st over - 1 run(s), 2 hit(s), 0 error(s), 1 left on base; Richmond 0 - Allentown 1
TOP OF THE 2ND
Richmond Flairs batting - Pitching for Allentown Hillbillies : RHP Okura Oike
Batting: RHB Gary Thomas 0-0: Ball
1-0: Ground out 5-3 (Groundball, 56)
Batting: LHB Frank Geddes 0-0: Ball
1-0: Ball
2-0: Swinging Strike
2-1: Foul Ball, location: 2F
2-2: Foul Ball, location: 2F
2-2: Foul Ball, location: 2F
2-2: SINGLE (Flyball, 89S)
Batting: RHB Alberto Hernández 0-0: Ball
1-0: Ball
Frank Geddes steals 2nd base
2-0: Foul Ball, location: 2F
2-1: Fly out, F7 (Line Drive, 7)
Batting: RHB Christian Hudson 0-0: Ball
1-0: Foul Ball, location: 2F
1-1: Ball
2-1: Foul Ball, location: 2F
2-2: Foul Ball, location: 2F
2-2: Strikes out swinging
Top of the 2nd over - 0 run(s), 1 hit(s), 0 error(s), 1 left on base; Richmond 0 - Allentown 1
BOTTOM OF THE 2ND
Allentown Hillbillies batting - Pitching for Richmond Flairs : RHP Sandro Gonzáles
Batting: RHB Dan Banks 0-0: Called Strike
0-1: Called Strike
0-2: Ball
1-2: Ball
2-2: Strikes out swinging
Batting: RHB Carl Brown 0-0: Fly out, F8 (Flyball, 8LS)
Batting: RHB Bartolo López 0-0: SINGLE (Line Drive, 4MD)
Batting: RHB Joel Jackson 0-0: Called Strike
0-1: Ball
1-1: Called Strike
1-2: Foul Ball, location: 2F
1-2: Foul Ball, location: 2F
1-2: DOUBLE (Line Drive, 8LXD)
Bartolo López to third
Runner from 3rd tries for Home, SAFE, no throw
Batting: LHB George Knight 0-0: Fly out, F1 (Line Drive, 13)
Bottom of the 2nd over - 1 run(s), 2 hit(s), 0 error(s), 1 left on base; Richmond 0 - Allentown 2
TOP OF THE 3RD
Richmond Flairs batting - Pitching for Allentown Hillbillies : RHP Okura Oike
Batting: RHB Freddy Padilla 0-0: Ball
1-0: Ball
2-0: Swinging Strike
2-1: Foul Ball, location: 2F
2-2: Ball
3-2: Base on Balls
Batting: RHB Javier Rentería 0-0: Ball
1-0: DOUBLE (Flyball, 8LD)
Freddy Padilla to third
Runner from 3rd tries for Home, SAFE, no throw
Batting: SHB Carlos Reyes 0-0: Called Strike
Javier Rentería steals 3rd base
0-1: Swinging Strike
0-2: Ball
1-2: Foul Ball, location: 2F
1-2: Ball
2-2: Foul Ball, location: 2F
2-2: Ball
3-2: Fly out, F9 (Flyball, 89D)
Runner from 3rd tags up, SCORES, no throw
Batting: RHB Elliott Johnston 0-0: Ball
1-0: Called Strike
1-1: Ball
2-1: Fly out, F9 (Flyball, 89M)
Batting: LHB Luis Villa 0-0: Ball
1-0: Called Strike
1-1: Ground out 3-1 (Groundball, 3S)
Top of the 3rd over - 2 run(s), 1 hit(s), 0 error(s), 0 left on base; Richmond 2 - Allentown 2
BOTTOM OF THE 3RD
Allentown Hillbillies batting - Pitching for Richmond Flairs : RHP Sandro Gonzáles
Batting: RHB Justin Harris 0-0: Ball
1-0: SINGLE (Groundball, 56D)
Batting: RHB Donald Sanford 0-0: Ball
1-0: Fly out, F8 (Flyball, 89M)
Batting: RHB Diego Rivera 0-0: Ball
1-0: Called Strike
1-1: Grounds into double play, 6-4-3 (Groundball, 6)
Bottom of the 3rd over - 0 run(s), 1 hit(s), 0 error(s), 0 left on base; Richmond 2 - Allentown 2
TOP OF THE 4TH
Richmond Flairs batting - Pitching for Allentown Hillbillies : RHP Okura Oike
Batting: RHB Gary Thomas 0-0: Ball
1-0: Ball
2-0: Ground out 5-3 (Groundball, 5L)
Batting: LHB Frank Geddes 0-0: Ball
1-0: Called Strike
1-1: Ball
2-1: Swinging Strike
2-2: Ball
3-2: Foul Ball, location: 2F
3-2: Strikes out looking
Batting: RHB Alberto Hernández 0-0: Called Strike
0-1: Ground out 1-3 (Groundball, P)
Top of the 4th over - 0 run(s), 0 hit(s), 0 error(s), 0 left on base; Richmond 2 - Allentown 2
BOTTOM OF THE 4TH
Allentown Hillbillies batting - Pitching for Richmond Flairs : RHP Sandro Gonzáles
Batting: LHB Eduardo Rodríguez 0-0: Ball
1-0: Ball
2-0: Ball
3-0: Base on Balls
Batting: RHB Dan Banks 0-0: Called Strike
0-1: Ball
1-1: Foul Ball, location: 2F
1-2: Foul Ball, location: 2F
1-2: Fly out, F1 (Line Drive, 15)
Batting: RHB Carl Brown 0-0: Ball
1-0: Foul Ball, location: 2F
1-1: Fly out, F7 (Flyball, 7)
Batting: RHB Bartolo López 0-0: Ground out 1-3 (Groundball, 13)
Bottom of the 4th over - 0 run(s), 0 hit(s), 0 error(s), 1 left on base; Richmond 2 - Allentown 2
TOP OF THE 5TH
Richmond Flairs batting - Pitching for Allentown Hillbillies : RHP Okura Oike
Batting: RHB Christian Hudson 0-0: Ball
1-0: Foul Ball, location: 2F
1-1: Ball
2-1: Ball
3-1: SINGLE (Groundball, 4MD)
Batting: RHB Freddy Padilla 0-0: Foul Ball, location: 2F
0-1: Fly out, F1 (Line Drive, 15)
Batting: RHB Javier Rentería 0-0: Swinging Strike
0-1: Called Strike
0-2: Strikes out swinging
Batting: SHB Carlos Reyes 0-0: Ball
1-0: Called Strike
1-1: Ball
2-1: Ball
3-1: Called Strike
3-2: Foul Ball, location: 2F
3-2: SINGLE (Line Drive, 3)
Christian Hudson to second
Christian Hudson to third
Batting: RHB Elliott Johnston 0-0: Ball
1-0: Ball
2-0: Called Strike
2-1: Foul Ball, location: 2F
2-2: Fly out, F8 (Flyball, 8RS)
Top of the 5th over - 0 run(s), 2 hit(s), 0 error(s), 2 left on base; Richmond 2 - Allentown 2
BOTTOM OF THE 5TH
Allentown Hillbillies batting - Pitching for Richmond Flairs : RHP Sandro Gonzáles
Batting: RHB Joel Jackson 0-0: Foul Ball, location: 2F
0-1: Ball
1-1: Ball
2-1: Called Strike
2-2: Strikes out swinging
Batting: LHB George Knight 0-0: Ball
1-0: Ball
2-0: Ground out 3-1 (Groundball, 34S)
Batting: RHB Justin Harris 0-0: Called Strike
0-1: Ball
1-1: SOLO HOME RUN (Line Drive, 7LD), Distance : 363 ft
Batting: RHB Donald Sanford 0-0: Called Strike
0-1: Called Strike
0-2: Ground out 5-3 (Groundball, 5S)
Bottom of the 5th over - 1 run(s), 1 hit(s), 0 error(s), 0 left on base; Richmond 2 - Allentown 3
TOP OF THE 6TH
Richmond Flairs batting - Pitching for Allentown Hillbillies : RHP Okura Oike
Batting: LHB Luis Villa 0-0: Called Strike
0-1: Ball
1-1: Foul Ball, location: 2F
1-2: Strikes out swinging
Batting: RHB Gary Thomas 0-0: Foul Ball, location: 2F
0-1: Ball
1-1: Foul Ball, location: 2F
1-2: Foul Ball, location: 2F
1-2: Foul Ball, location: 2F
1-2: Foul Ball, location: 2F
1-2: Strikes out swinging
Batting: LHB Frank Geddes 0-0: Ball
1-0: Called Strike
1-1: Foul Ball, location: 2F
1-2: Foul Ball, location: 2F
1-2: Strikes out swinging
Top of the 6th over - 0 run(s), 0 hit(s), 0 error(s), 0 left on base; Richmond 2 - Allentown 3
BOTTOM OF THE 6TH
Allentown Hillbillies batting - Pitching for Richmond Flairs : RHP Sandro Gonzáles
Batting: RHB Diego Rivera 0-0: Called Strike
0-1: Ball
1-1: Foul Ball, location: 2F
1-2: Foul Ball, location: 2F
1-2: Ball
2-2: Ball
3-2: Ground out 5-3 (Groundball, 56S)
Batting: LHB Eduardo Rodríguez 0-0: Called Strike
0-1: Fly out, F6 (Popup, 6MD)
Batting: RHB Dan Banks 0-0: Ground out 6-3 (Groundball, 56)
Bottom of the 6th over - 0 run(s), 0 hit(s), 0 error(s), 0 left on base; Richmond 2 - Allentown 3
TOP OF THE 7TH
Richmond Flairs batting - Pitching for Allentown Hillbillies : RHP Okura Oike
Pitching: LHP Alberto Maldonado
Batting: RHB Alberto Hernández 0-0: SINGLE (Groundball, 5S) (infield hit)
Pinch Hitting: RHB Tadakuni Sugiyama 0-0: Bunt missed!
0-1: Bunted foul
0-2: Ball
1-2: Grounds into double play, 6-4-3 (Groundball, 6)
Batting: RHB Freddy Padilla 0-0: Hit by Pitch
Pinch Hitting: RHB R.J. Crosby 0-0: Ball
1-0: Ball
2-0: Called Strike
2-1: Ball
3-1: Base on Balls
Freddy Padilla to second
Batting: SHB Carlos Reyes 0-0: Swinging Strike
0-1: Fly out, F1 (Line Drive, 13)
Top of the 7th over - 0 run(s), 1 hit(s), 0 error(s), 2 left on base; Richmond 2 - Allentown 3
BOTTOM OF THE 7TH
Allentown Hillbillies batting - Pitching for Richmond Flairs : RHP Sandro Gonzáles
Now at SS: Kyle Hollingsworth
Now in LF: R.J. Crosby
Batting: RHB Carl Brown 0-0: Ball
1-0: SINGLE (Groundball, 34D)
Batting: RHB Bartolo López 0-0: Ball
1-0: Bunted foul
1-1: Sac Bunt - play at second, runner OUT! 5-6
Batting: RHB Joel Jackson 0-0: Ball
1-0: Ball
Bartolo López steals 2nd base
2-0: Intentional Walk
Pinch Hitting: RHB Millard Stark 0-0: Swinging Strike
0-1: Ball
1-1: Ball
2-1: Foul Ball, location: 2F
2-2: Ball
3-2: Base on Balls
Bartolo López to third
Joel Jackson to second
Pitching: LHP Salvador Rodríguez
Pinch Hitting: RHB Stephen Shaw 0-0: Ball
1-0: Ball
2-0: Fly out, F8 (Flyball, 8LS)
Batting: RHB Donald Sanford 0-0: Foul Ball, location: 2F
0-1: Ball
1-1: Ball
2-1: Foul Ball, location: 2F
2-2: Ball
3-2: Strikes out swinging
Bottom of the 7th over - 0 run(s), 1 hit(s), 0 error(s), 3 left on base; Richmond 2 - Allentown 3
TOP OF THE 8TH
Richmond Flairs batting - Pitching for Allentown Hillbillies : LHP Alberto Maldonado
Pitching: RHP Pepe Fernández
Now at 3B: António Yánez
Now in CF: Millard Stark
Batting: RHB Elliott Johnston 0-0: Ball
1-0: Ball
2-0: Ball
3-0: Called Strike
3-1: Called Strike
3-2: Foul Ball, location: 2F
3-2: Base on Balls
Batting: LHB Luis Villa 0-0: SINGLE (Line Drive, 9S)
Elliott Johnston to second
Runner from 2nd tries for 3rd, SAFE, throw made to third
Luis Villa to second
Pinch Hitting: LHB Sean Nicks 0-0: Called Strike
0-1: SINGLE (Groundball, 4MD)
Elliott Johnston scores
Luis Villa to third
Runner from 3rd tries for Home, SAFE, no throw
Pitching: LHP Emílio Trevino
Batting: LHB Frank Geddes 0-0: Sac Bunt - play at first, batter OUT! 1-4
Sean Nicks to second
Batting: RHB Alberto Hernández 0-0: Intentional Walk
Pinch Hitting: RHB Jack Ray 0-0: Foul Ball, location: 2F
0-1: Ball
1-1: Called Strike
1-2: Ball
2-2: SINGLE (Line Drive, 34D)
Sean Nicks to third
Alberto Hernández to second
Batting: RHB Freddy Padilla 0-0: Ball
1-0: Called Strike
1-1: Ball
2-1: Ball
3-1: Base on Balls
Sean Nicks scores
Alberto Hernández to third
Jack Ray to second
Batting: RHB R.J. Crosby 0-0: Called Strike
0-1: Fly out, F7 (Line Drive, 7S)
Batting: SHB Carlos Reyes 0-0: Ball
1-0: Ball
2-0: Ball
3-0: Called Strike
3-1: Called Strike
3-2: Foul Ball, location: 2F
3-2: Strikes out swinging
Top of the 8th over - 3 run(s), 3 hit(s), 0 error(s), 3 left on base; Richmond 5 - Allentown 3
BOTTOM OF THE 8TH
Allentown Hillbillies batting - Pitching for Richmond Flairs : LHP Salvador Rodríguez
Now at 2B: Jack Ray
Now at 3B: Adrián Miranda
Batting: RHB Diego Rivera 0-0: Ball
1-0: Foul Ball, location: 2F
1-1: Ground out 6-3 (Groundball, 6)
Batting: LHB Eduardo Rodríguez 0-0: Ball
1-0: Foul Ball, location: 2F
1-1: Called Strike
1-2: Strikes out swinging
Batting: RHB Dan Banks 0-0: Ball
1-0: SINGLE (Groundball, 6MD)
Pitching: RHP Lorenzo Ramos
Batting: RHB Carl Brown 0-0: Ball
1-0: Called Strike
1-1: Ball
2-1: Foul Ball, location: 2F
2-2: Strikes out swinging
Bottom of the 8th over - 0 run(s), 1 hit(s), 0 error(s), 1 left on base; Richmond 5 - Allentown 3
TOP OF THE 9TH
Richmond Flairs batting - Pitching for Allentown Hillbillies : LHP Emílio Trevino
Pitching: LHP Alejandro Castillo
Batting: RHB Elliott Johnston 0-0: Fly out, F4 (Line Drive, 6M)
Batting: LHB Luis Villa 0-0: Foul Ball, location: 2F
0-1: Fly out, F7 (Flyball, 78M)
Batting: SHB Adrián Miranda 0-0: Foul Ball, location: 2F
0-1: Ball
1-1: Fly out, F9 (Flyball, 89M)
Top of the 9th over - 0 run(s), 0 hit(s), 0 error(s), 0 left on base; Richmond 5 - Allentown 3
BOTTOM OF THE 9TH
Allentown Hillbillies batting - Pitching for Richmond Flairs : RHP Lorenzo Ramos
Pitching: RHP Alfonso Rodríguez
Batting: RHB Bartolo López 0-0: Called Strike
0-1: Ball
1-1: Called Strike
1-2: Foul Ball, location: 2F
1-2: Ball
2-2: Strikes out looking
Batting: RHB Joel Jackson 0-0: Ball
1-0: Swinging Strike
1-1: Ball
2-1: Fly out, F7 (Flyball, 7LS)
Batting: RHB Millard Stark 0-0: Ball
1-0: Ball
2-0: Foul Ball, location: 2F
2-1: Called Strike
2-2: Foul Ball, location: 2F
2-2: Strikes out swinging
Bottom of the 9th over - 0 run(s), 0 hit(s), 0 error(s), 0 left on base; Richmond 5 - Allentown 3
Thursday, March 30th, 2017 - OOTP Baseball 17.12 Build 75